 Dungeon Sprint DCSS version 0.26.0-15-gc6cd9f7 (webtiles) character file.

Game seed: 3327595160028261789

71406 Kalegnar the Bringer of Light (level 14, -4/144 HPs)
             Began as a Minotaur Fighter on Jan 19, 2021.
             Was the Champion of the Shining One.
             Slain by Mennas
             ... wielding a +3 sacred scourge of holy wrath
              (25 damage)
             ... in the Dungeon (Sprint IX: "|||||||||||||||||||||||||||||").
             The game lasted 00:35:45 (4637 turns).

Kalegnar the Bringer of Light (Minotaur Fighter)    Turns: 4637, Time: 00:35:46

Health: -4/144     AC: 24    Str: 32    XL:     14   Next: 97%
Magic:  18/29      EV: 19    Int:  5    God:    the Shining One [******]
Gold:   63         SH:  0    Dex: 13    Spells: 13/13 levels left

rFire    . . .     SeeInvis .   p - +4 scimitar (elec)
rCold    . . .     Faith    .   c - +0 kite shield
rNeg     + + +     Spirit   .   o - +4 chain mail
rPois    .         Reflect  +   (helmet restricted)
rElec    .         Harm     .   K - +1 cloak
rCorr    .         Rampage  .   a - +0 pair of gloves
Will     +....     NoTele   +   y - +0 pair of boots
Stlth    ..........             D - amulet of reflection
HPRegen  0.34/turn              C - +6 ring of strength
MPRegen  0.21/turn              q - +3 ring of dexterity

@: confused, divine shield, glowing, silenced
A: retaliatory headbutt, horns 2
a: Renounce Religion


You were in the Dungeon.
You worshipped the Shining One.
The Shining One was exalted by your worship.
You visited 1 branch You collected 1763 gold pieces.
You spent 1700 gold pieces at shops.

Inventory:

Hand Weapons
 p - a +4 scimitar of electrocution (weapon)
 z - a +4 scimitar of flaming
 J - a +1 demon blade of freezing
Armour
 a - a +0 pair of gloves (worn)
 c - a +0 kite shield (worn)
 o - a +4 chain mail (worn)
 y - a +0 pair of boots (worn)
 F - the +3 hat of Pondering {ponderous, Will+ MP+10 Int+5}
   (You took it off Gastronok in the Dungeon)

   It affects your intelligence (+5).
   It affects your willpower, your defense against some magical effects.
   It affects your magic capacity (+10).
 K - a +1 cloak (worn)
Jewellery
 q - a +3 ring of dexterity (right hand)
 r - a +2 ring of evasion
 w - an uncursed ring of resist corrosion
 B - an uncursed ring of protection from fire
 C - a +6 ring of strength (left hand)
 D - an amulet of reflection (around neck)
 E - the amulet of the Bull {rC++ Regen+ Dex+2}
   (You bought it in a shop in the Dungeon)

   [amulet of regeneration]

   It affects your dexterity (+2).
   It greatly protects you from cold.
   It increases your rate of regeneration.
 G - an uncursed ring of fire
 H - an uncursed ring of poison resistance
 I - an uncursed ring of ice
Wands
 n - a wand of iceblast (10)
Scrolls
 j - 4 scrolls of blinking
 l - 4 scrolls of remove curse
 m - 2 scrolls of amnesia
 t - 2 scrolls of fog
 u - 4 scrolls of enchant armour
 A - a scroll of silence {unknown}
 M - a scroll of fear
Potions
 b - 3 potions of brilliance
 d - a potion of might
 e - 4 potions of curing
 f - a potion of heal wounds
 g - 2 potions of haste
 h - 4 potions of magic
 i - a potion of berserk rage
 k - a potion of invisibility
 s - a potion of resistance
 v - a potion of degeneration {unknown}
 x - 2 potions of mutation


   Skills:
 + Level 18.4 Fighting
 - Level 18.0 Long Blades
 - Level 18.0 Armour
 + Level 16.4 Dodging
 - Level 18.0 Shields
 + Level 24.4 Invocations


You had 13 spell levels left.
You didn't know any spells.
Your spell library was empty.

Dungeon Overview and Level Annotations

Branches:
Dungeon (1/1)

Altars:
Cheibriados
Dithmenos
Elyvilon
Fedhas
Gozag
Hepliaklqana
Kikubaaqudgha
Makhleb
Nemelex Xobeh
Okawaru
Qazlal
Ru
Sif Muna
Trog
Uskayaw
Vehumet
Wu Jian
Xom
Yredelemnul
Zin
The Shining One
Beogh
Jiyva
Lugonu

Shops:
D *(}=

Annotations:
D Mennas


Innate Abilities, Weirdness & Mutations

You reflexively headbutt those who attack you in melee.
You have a pair of horns on your head.


Message History

You are confused.
Your daeva appears confused.
You're too confused to move!
Mennas hits your daeva with a +3 sacred scourge of holy wrath!!
Mennas hits your daeva with a +3 sacred scourge of holy wrath.
Your daeva misses Mennas. Mennas blocks your daeva's attack.
Mennas hits your daeva with a +3 sacred scourge of holy wrath!!
Mennas hits your daeva with a +3 sacred scourge of holy wrath!
Mennas blocks your attack.
You headbutt Mennas.
Mennas is severely wounded.
Mennas gestures frantically.
Mennas's surroundings become eerily quiet.
You bump into the unnaturally hard rock wall.
Mennas hits you with a +3 sacred scourge of holy wrath!
* * * LOW HITPOINT WARNING * * *
Mennas hits you with a +3 sacred scourge of holy wrath!
* * * LOW HITPOINT WARNING * * *
You bump into the unnaturally hard rock wall.
Mennas hits you with a +3 sacred scourge of holy wrath!!
You die...

.......).........................
▓▓▓▓▓▓▓▓▓▓▓▓▓♣♣♣♣♣♣♣♣♣♣▓▓▓▓▓▓▓▓▓▓
............'........††.........†
.▓▓▓▓▓▓▓▓▓▓▓▓♣♣♣♣♣♣♣♣♣♣▓▓▓▓▓▓▓▓▓▓
...).............................
▓▓▓▓▓▓▓▓▓▓▓▓▓▓▓▓▓▓▓▓▓▓▓▓▓▓▓▓▓▓▓▓▓
.........'....)).......)†.))))(+.
.▓▓▓▓▓▓▓▓▓▓▓▓▓▓▓▓▓▓▓▓▓▓▓▓▓▓▓▓▓▓▓▓
................@A.A...........
▓▓▓▓▓▓▓▓▓▓▓▓▓▓▓▓▓▓▓▓▓▓▓▓▓▓▓▓▓▓▓


You could see Mennas (silencing) and a friendly daeva (summoned, confused).

Vanquished Creatures
  An Orb Guardian (D)
  Gastronok (D)
  Agnes (D)
  A vault warden (D)
  2 frost giants (D)
  2 fire giants (D)
  A draconian stormcaller (D)
  A very ugly thing (D)
  An ironheart preserver (D)
  A vampire knight (D)
  2 stone giants (D)
  2 bunyips (D)
  A mummy priest (D)
  An ettin (D)
  Josephine (D)
  3 fire dragons (D)
  A shambling mangrove (D)
  A merfolk impaler (D)
  2 yaktaur captains (D)
  A great orb of eyes (D)
  2 ogre magi (D)
  2 rakshasas (D)
  5 ice dragons (D)
  2 boulder beetles (D)
  3 hydras (D)
  Erica (D)
  2 alligator snapping turtles (D)
  An alligator (D)
  A catoblepas (D)
  A death yak (D)
  A deep troll shaman (D)
  2 orc high priests (D)
  A shock serpent (D)
  A salamander mystic (D)
  Nergalle (D)
  A naga sharpshooter (D)
  A sea snake (D)
  An unseen horror (D)
  A shadow wraith (D)
  A goliath frog (D)
  A glowing orange brain (D)
  2 orb spiders (D)
  2 ironbrand convokers (D)
  15 orc knights (D)
  A phantasmal warrior (D)
  A deep elf mage (D)
  An ugly thing (D)
  A mana viper (shapeshifter) (D)
  2 wolf spiders (D)
  A salamander (D)
  3 manticores (D)
  A cyclops (D)
  A will-o-the-wisp (D)
  An elephant (D)
  3 black mambas (D)
  Joseph (D)
  A torpor snail (D)
  Psyche (D)
  A cane toad (D)
  3 freezing wraiths (D)
  2 rime drakes (D)
  A yaktaur (D)
  2 komodo dragons (D)
  A troll (D)
  A tengu conjurer (D)
  A merfolk (D)
  A polar bear (D)
  2 jumping spiders (D)
  A tyrant leech (D)
  A slime creature (D)
  2 redbacks (D)
  A spriggan (D)
  4 wraiths (D)
  A tarantella (D)
  A wyvern (D)
  2 yaks (D)
  2 vampire mosquitoes (D)
  2 nagas (D)
  2 soldier ants (shapeshifter) (D)
  An acid dragon (D)
  A water moccasin (D)
  7 black bears (D)
  11 orc warriors (D)
  2 phantoms (D)
  2 sky beasts (D)
  2 wolves (D)
  An ogre (D)
  2 boggarts (D)
  A centaur (D)
  3 bullfrogs (D)
  A jelly (D)
  A hound (D)
  3 orc priests (D)
  3 orc wizards (D)
  A worker ant (D)
  An adder (D)
  A gnoll (D)
  An adder zombie (D)
  An adder skeleton (D)
  A dart slug (D)
  An adder simulacrum (D)
  2 leopard geckos (D)
  6 orcs (D)
  A bat zombie (D)
  A goblin (D)
  A hobgoblin (D)
190 creatures vanquished.

Vanquished Creatures (others)
  A bloated husk (D)
  A foxfire (D)
2 creatures vanquished.

Grand Total: 192 creatures vanquished

Notes
Turn   | Place    | Note
-------+----------+-------------------------------------------
     0 | D        | Kalegnar the Minotaur Fighter began the quest for the Orb.
     0 | D        | Reached XP level 1. HP: 19/19 MP: 0/0
    11 | D        | Reached skill level 5 in Long Blades
    13 | D        | Reached XP level 2. HP: 26/26 MP: 1/1
    18 | D        | Noticed an ogre
    26 | D        | Killed an ogre
    27 | D        | Reached XP level 3. HP: 13/31 MP: 2/2
    27 | D        | Reached XP level 4. HP: 17/39 MP: 3/3
    41 | D        | Found a roughly hewn altar of Beogh.
    41 | D        | Found a snail-covered altar of Cheibriados.
    41 | D        | Found a shadowy altar of Dithmenos.
    41 | D        | Found a white marble altar of Elyvilon.
    41 | D        | Found a blossoming altar of Fedhas.
    41 | D        | Found an opulent altar of Gozag.
    42 | D        | Found a hazy altar of Hepliaklqana.
    43 | D        | Found a viscous altar of Jiyva.
    44 | D        | Found an ancient bone altar of Kikubaaqudgha.
    45 | D        | Found a corrupted altar of Lugonu.
    46 | D        | Found a burning altar of Makhleb.
    47 | D        | Found a sparkling altar of Nemelex Xobeh.
    48 | D        | Found an iron altar of Okawaru.
    49 | D        | Found a stormy altar of Qazlal.
    50 | D        | Found a sacrificial altar of Ru.
    51 | D        | Found a shimmering blue altar of Sif Muna.
    52 | D        | Found a bloodstained altar of Trog.
    53 | D        | Found a hide-covered altar of Uskayaw.
    54 | D        | Found a radiant altar of Vehumet.
    55 | D        | Found an ornate altar of the Wu Jian Council.
    56 | D        | Found a shimmering altar of Xom.
    57 | D        | Found a basalt altar of Yredelemnul.
    58 | D        | Found a glowing silver altar of Zin.
    59 | D        | Found a glowing golden altar of the Shining One.
   216 | D        | Became a worshipper of the Shining One
   227 | D        | Noticed a bullfrog
   227 | D        | Noticed a phantom
   227 | D        | Reached * piety under the Shining One
   227 | D        | Noticed a sky beast
   235 | D        | Killed a sky beast
   236 | D        | Reached skill level 10 in Long Blades
   236 | D        | Reached skill level 3 in Invocations
   236 | D        | Reached XP level 5. HP: 39/50 MP: 3/6
   238 | D        | Reached skill level 4 in Invocations
   242 | D        | Killed a phantom
   243 | D        | Reached skill level 5 in Armour
   243 | D        | Reached skill level 5 in Shields
   243 | D        | Reached skill level 5 in Invocations
   243 | D        | Reached XP level 6. HP: 37/57 MP: 3/8
   376 | D        | Reached ** piety under the Shining One
   376 | D        | Noticed a deep elf mage
   376 | D        | Noticed a black mamba
   376 | D        | Reached *** piety under the Shining One
   376 | D        | Noticed an unseen horror
   379 | D        | Reached skill level 6 in Invocations
   381 | D        | Noticed a soldier ant
   381 | D        | a black mamba changed into a soldier ant
   385 | D        | Killed an unseen horror
   386 | D        | Reached skill level 8 in Invocations
   386 | D        | Reached XP level 7. HP: 49/63 MP: 6/12
   392 | D        | Reached XP level 8. HP: 56/71 MP: 7/13
   396 | D        | Killed a deep elf mage
   397 | D        | Reached skill level 9 in Invocations
   569 | D        | Noticed a six-headed hydra
   569 | D        | Reached **** piety under the Shining One
   576 | D        | Noticed a rime drake
   577 | D        | Reached skill level 10 in Invocations
   578 | D        | Noticed a komodo dragon
   580 | D        | Killed a three-headed hydra
   581 | D        | Reached skill level 10 in Fighting
   581 | D        | Reached skill level 11 in Invocations
   581 | D        | Reached XP level 9. HP: 54/85 MP: 12/16
   590 | D        | Killed a rime drake
   591 | D        | Reached skill level 12 in Invocations
   596 | D        | Killed a komodo dragon
   899 | D        | Noticed a torpor snail
   899 | D        | Reached ***** piety under the Shining One
   899 | D        | Noticed a cane toad
   899 | D        | Noticed an elephant
   899 | D        | Noticed a death yak
   901 | D        | Noticed a five-headed hydra
   906 | D        | Noticed a komodo dragon
   913 | D        | Killed a death yak
   914 | D        | Reached skill level 10 in Armour
   914 | D        | Reached skill level 10 in Shields
   914 | D        | Reached XP level 10. HP: 46/93 MP: 16/18
   922 | D        | Killed an elephant
   923 | D        | Reached skill level 10 in Dodging
   926 | D        | Killed a cane toad
   932 | D        | Killed a torpor snail
   933 | D        | Reached skill level 13 in Invocations
   935 | D        | Killed a two-headed hydra
  1242 | D        | Reached ****** piety under the Shining One
  1314 | D        | Noticed Erica
  1325 | D        | Killed Erica
  1326 | D        | Reached skill level 14 in Invocations
  1326 | D        | Reached XP level 11. HP: 99/99 MP: 20/20
  1371 | D        | Noticed Joseph
  1380 | D        | Killed Joseph
  1404 | D        | Noticed an orc knight
  1405 | D        | Noticed an orc knight
  1418 | D        | Killed an orc knight
  1424 | D        | Noticed an orc knight
  1426 | D        | Killed an orc knight
  1443 | D        | Killed an orc knight
  1515 | D        | Noticed an orc high priest
  1515 | D        | Noticed an orc knight
  1515 | D        | Noticed an orc knight
  1518 | D        | Noticed an orc high priest
  1529 | D        | Killed an orc knight
  1535 | D        | Noticed an orc knight
  1543 | D        | Killed an orc knight
  1549 | D        | Killed an orc high priest
  1550 | D        | Reached skill level 15 in Invocations
  1560 | D        | Killed an orc high priest
  1576 | D        | Killed an orc knight
  1841 | D        | Found Amya's Jewellery Boutique.
  1841 | D        | Noticed an orc knight
  1841 | D        | Noticed an orc knight
  1841 | D        | Noticed an orc knight
  1844 | D        | Noticed an orc knight
  1849 | D        | Killed an orc knight
  1852 | D        | Noticed an orc knight
  1854 | D        | Killed an orc knight
  1855 | D        | Reached skill level 15 in Shields
  1860 | D        | Noticed an orc knight
  1863 | D        | Killed an orc knight
  1864 | D        | Found Noipofesh's Gadget Shop.
  1875 | D        | Found Xysuhiro's Weapon Boutique.
  1882 | D        | Killed an orc knight
  1887 | D        | Noticed an orc knight
  1890 | D        | Killed an orc knight
  1891 | D        | Reached skill level 16 in Invocations
  1896 | D        | Killed an orc knight
  1897 | D        | Reached XP level 12. HP: 51/116 MP: 16/23
  1898 | D        | Found Sufa Bub's Assorted Antiques.
  1960 | D        | Bought a scroll labelled BAV BOKHYIPE for 19 gold pieces
  1960 | D        | Bought a bronze ring for 95 gold pieces
  1960 | D        | Bought a potion of curing for 57 gold pieces
  1960 | D        | Bought a potion of curing for 57 gold pieces
  2076 | D        | Bought a +6 ring of strength for 585 gold pieces
  2076 | D        | Bought an uncursed amulet of reflection for 300 gold pieces
  2076 | D        | Bought the amulet of the Bull {rC++ Regen+ Dex+2} for 587
                  | gold pieces
  2112 | D        | Noticed Gastronok
  2126 | D        | Killed Gastronok
  2127 | D        | Reached skill level 17 in Invocations
  2181 | D        | Noticed Psyche
  2187 | D        | Killed Psyche
  2281 | D        | Noticed a catoblepas
  2281 | D        | Noticed a boulder beetle
  2286 | D        | Noticed a deep troll shaman
  2289 | D        | Noticed a fire dragon
  2295 | D        | Killed a catoblepas
  2296 | D        | Reached skill level 18 in Invocations
  2300 | D        | Noticed a rakshasa
  2313 | D        | Killed a boulder beetle
  2316 | D        | Killed a deep troll shaman
  2320 | D        | Noticed a frost giant
  2323 | D        | Noticed a frost giant
  2326 | D        | Reached skill level 19 in Invocations
  2326 | D        | Noticed an ice dragon
  2331 | D        | Noticed an ice dragon
  2335 | D        | Killed a fire dragon
  2343 | D        | Killed a frost giant
  2355 | D        | Killed an ice dragon
  2358 | D        | Killed a rakshasa
  2361 | D        | Killed an ice dragon
  2362 | D        | Reached skill level 15 in Long Blades
  2585 | D        | Noticed Nergalle
  2598 | D        | Killed Nergalle
  2691 | D        | Reached skill level 20 in Invocations
  2691 | D        | Reached XP level 13. HP: 104/124 MP: 22/26
  2829 | D        | Noticed a merfolk impaler
  2881 | D        | Killed a merfolk impaler
  2898 | D        | Reached skill level 15 in Fighting
  3228 | D        | Reached skill level 15 in Dodging
  3248 | D        | Reached skill level 21 in Invocations
  3256 | D        | Noticed a bunyip
  3256 | D        | Noticed a bunyip
  3263 | D        | Killed a bunyip
  3277 | D        | Killed a bunyip
  3522 | D        | Noticed Josephine
  3528 | D        | Reached skill level 15 in Armour
  3528 | D        | Noticed Agnes
  3533 | D        | Killed Josephine
  3549 | D        | Killed Agnes
  3690 | D        | Noticed a fire dragon
  3690 | D        | Noticed an ettin
  3690 | D        | Noticed a stone giant
  3690 | D        | Noticed a fire giant
  3690 | D        | Noticed a stone giant
  3697 | D        | Killed a stone giant
  3707 | D        | Killed a fire giant
  3708 | D        | Reached skill level 22 in Invocations
  3708 | D        | Reached XP level 14. HP: 85/137 MP: 25/28
  3711 | D        | Killed a stone giant
  3719 | D        | Noticed a fire giant
  3728 | D        | Noticed a vampire knight
  3747 | D        | Killed a vampire knight
  3754 | D        | Killed a fire giant
  3758 | D        | Noticed a frost giant
  3769 | D        | Noticed a white very ugly thing
  3786 | D        | Killed a frost giant
  3798 | D        | Reached skill level 23 in Invocations
  3812 | D        | HP: 6/141 [white very ugly thing (8)]
  3815 | D        | Killed a white very ugly thing
  4243 | D        | Noticed an ironheart preserver
  4249 | D        | Killed an ironheart preserver
  4295 | D        | Paralysed by an ogre mage for 4 turns
  4303 | D        | Noticed a vault warden
  4309 | D        | Paralysed by a great orb of eyes for 5 turns
  4341 | D        | Killed a vault warden
  4354 | D        | Noticed a purple draconian stormcaller
  4354 | D        | Noticed an Orb Guardian
  4355 | D        | Reached skill level 24 in Invocations
  4358 | D        | Killed a purple draconian stormcaller
  4369 | D        | Killed an Orb Guardian
  4583 | D        | Noticed Mennas
  4637 | D        | Slain by Mennas

Illustrated notes

Levels and vault maps discovered:
D:        linesprint [early_d, line_temple, items_1, d_10, items_2, lair_1,
          lair_end, items_3, orc_1, orc_end, items_4, d_15, swamp_1, shoals_1,
          snake_1, spider_1, d_20, vaults_1, items_5, swamp_end, shoals_end,
          snake_end, spider_end, vaults_end, d_27, items_6, zot_1, zot_end,
          crypt_end, forest_end, elf_end, slime_end, tomb_end, abyss_end,
          pan_hell_end]

Skill      XL: |  1  2  3  4  5  6  7  8  9 10 11 12 13 14 |
---------------+-------------------------------------------+-----
Long Blades    | 5 9 10 11 13 14 15 16 18 | 18.0
Armour         | 4 5 8 10 12 13 14 16 18 | 18.0
Dodging        | 4 8 9 12 13 16 | 16.4
Shields        | 4 5 8 10 12 15 16 18 | 18.0
Fighting       | 6 10 13 14 16 18 | 18.4
Invocations    | 3 5 8 11 12 14 16 20 22 24 | 24.4

Action                   |  1- 3 |  4- 6 |  7- 9 | 10-12 | 13-15 || total
-------------------------+-------+-------+-------+-------+-------++-------
Melee: Long sword        |    16 |     8 |       |       |       ||    24
       Headbutt          |     2 |     6 |    16 |    70 |   112 ||   206
       Scimitar          |       |    31 |    58 |   301 |   395 ||   785
Invok: Divine Shield     |       |     1 |     2 |     5 |     6 ||    14
       Cleansing Flame   |       |       |       |     5 |     6 ||    11
       Summon Divine War |       |       |       |       |     1 ||     1
  Use: Potion            |       |       |       |     4 |     5 ||     9
       Scroll            |       |       |       |     2 |       ||     2
Armor: Scale mail        |     2 |     9 |     2 |    11 |       ||    24
       Chain mail        |       |       |       |    34 |    49 ||    83
Dodge: Dodged            |     3 |     8 |     9 |    59 |    66 ||   145
Block: Kite shield       |     8 |    16 |    25 |   176 |   374 ||   599
       Reflection        |       |       |       |       |    12 ||    12
       Rpst.: Scimitar   |       |     4 |     5 |    11 |     6 ||    26
